Map: Altitude LE

Players

Chendalen - Winner!

  • Race: Protoss Protoss
  • Spawn Location: 1:00

VOD

Have the link to the VOD?

Description

Time

  • Played on: April 9, 2023, 4:44 a.m.
  • Length: 11:15
Show
View Real Time Build Order
Export as new Build Order

Chendalen Protoss - Winner!

Build Orders:  

Get SALT Encoding   

  12  0:03  Probe (Chrono Boost)  
  3  0:20  Probe (Chrono Boost)  
  14  0:25  Pylon  
  14  0:36  Probe (Chrono Boost)  
  15  0:53  Probe (Chrono Boost)  
  15  0:54  Gateway  
  17  1:10  Probe (Chrono Boost)  
  17  1:12  Assimilator  
  17  1:27  Probe (Chrono Boost)  
  18  1:35  Pylon  
  18  1:44  Probe (Chrono Boost)  
  20  2:01  Probe (Chrono Boost)  
  20  2:04  Cybernetics Core  
  20  2:05  Zealot  
  22  2:15  Assimilator  
  22  2:18  Probe (Chrono Boost)  
  23  2:35  Probe (Chrono Boost)  
  23  2:36  Gateway  
  24  2:51  Probe (Chrono Boost)  
  25  3:06  Probe  
  26  3:22  Nexus  
  26  3:31  Pylon  
  26  3:38  Probe  
  27  3:47  Warp Gate (Chrono Boost)  
  29  3:54  Gateway  
  27  4:13  Probe  
  28  4:30  Probe  
  28  4:34  Forge  
  28  4:37  Forge  
  29  4:53  Zealot x2  
  29  4:58  Probe (Chrono Boost)  
  34  5:00  Probe (Chrono Boost)  
  35  5:13  Probe (Chrono Boost)  
  35  5:16  Probe (Chrono Boost)  
  37  5:24  Probe (Chrono Boost)  
  38  5:32  Stalker  
  38  5:33  Probe (Chrono Boost)  
  38  5:36  Probe (Chrono Boost), Sentry  
  44  5:41  Sentry  
  47  5:50  Probe x2 (Chrono Boost)  
  47  5:58  Protoss Ground Weapons Level 1  
  48  6:04  Protoss Ground Armor Level 1  
  48  6:07  Probe (Chrono Boost)  
  49  6:12  Probe (Chrono Boost)  
  50  6:20  Pylon  
  50  6:24  Probe (Chrono Boost)  
  50  6:25  Pylon  
  50  6:28  Stargate  
  50  6:29  Probe (Chrono Boost)  
  52  6:36  Stargate  
  52  6:44  Gateway  
  52  6:58  Gateway  
  52  7:02  Gateway  
  52  7:10  Stargate  
  52  7:16  Stalker  
  54  7:20  Zealot  
  54  7:21  Zealot  
  58  7:45  Assimilator  
  58  7:48  Assimilator  
  59  7:50  Probe (Chrono Boost)  
  59  7:56  Stalker x2  
  59  7:57  Stalker  
  65  8:02  Zealot  
  65  8:07  Probe (Chrono Boost)  
  68  8:20  Pylon  
  68  8:22  Pylon  
  68  8:24  Probe (Chrono Boost)  
  68  8:25  Pylon  
  68  8:28  Pylon  
  69  8:31  Pylon  
  70  8:41  Probe (Chrono Boost)  
  70  8:51  Stalker x2  
  70  8:52  Stalker x2  
  70  8:54  Stalker  
  70  8:57  Zealot  
  70  8:58  Probe (Chrono Boost)  
  83  9:21  Pylon  
  83  10:03  Stalker  
  83  10:04  Stalker x2  
  83  10:05  Stalker  
  83  10:08  Void Ray x2  
  103  10:24  Zealot x2  
  107  10:56  Stalker x2  
  107  10:57  Stalker x2  
  107  10:58  Stalker  
  117  11:11  Pylon  
Tags
 
Add a new tag
Caveats
  • Supply blocks, unpowered buildings, or Contaminate may cause inaccurate times.
  • Supply counts are checked every 10 seconds.